 Dungeon Sprint DCSS version 0.29.1-12-g30fa7ad0bf (webtiles) character file.

Game seed: 11498210676261675877

1280 boopmooplesden the Spear-Bearer (level 8, -2/86 HPs)
             Began as a Minotaur Berserker on Dec 16, 2022.
             Was a High Priest of Trog.
             Slain by a tengu warrior
             ... wielding a +0 battleaxe
              (19 damage)
             ... in the Dungeon (Sprint IX: "|||||||||||||||||||||||||||||").
             The game lasted 00:01:02 (550 turns).

boopmooplesden the Spear-Bearer (Minotaur Berserker) Turns: 550, Time: 00:01:03

Health: -2/86      AC: 14    Str: 24    XL:     8   Next: 29%
Magic:  7/7        EV: 13    Int:  4    God:    Trog [*****.]
Gold:   0          SH:  0    Dex: 13    Spells: 7/7 levels left

rFire   . . .      SeeInvis .   k - +2 halberd (venom)
rCold   . . .      Faith    .   (shield currently unavailable)
rNeg    . . .      Spirit   .   n - +1 chain mail
rPois   .          Reflect  .   (helmet restricted)
rElec   .          Harm     .   m - +0 cloak
rCorr   .          Rampage  .   (no gloves)
Will    ++...      NoTele   +   l - +0 pair of boots
Stlth   ..........              (no amulet)
HPRegen 1.24/turn               o - +2 ring of evasion
MPRegen 0.10/turn               p - +3 ring of dexterity

@: strong-willed (expiring), on berserk cooldown, regenerating (expiring),
slowed, very slow
A: horns 2, retaliatory headbutt
a: Renounce Religion, Berserk, Trog's Hand, Brothers in Arms


You were in the Dungeon.
You worshipped Trog.
Trog was extremely pleased with you.
You visited 1 branch

Inventory:

Hand Weapons
 a - a +0 spear
 k - a +2 halberd of venom (weapon)
Armour
 b - a +0 animal skin
 l - a +0 pair of boots (worn)
 m - a +0 cloak (worn)
 n - a +1 chain mail (worn)
Jewellery
 o - a +2 ring of evasion (left hand)
 p - a +3 ring of dexterity (right hand)
Wands
 j - a wand of iceblast (10)
Scrolls
 h - 2 scrolls of blinking
Potions
 c - 5 potions of curing
 d - 3 potions of heal wounds
 e - a potion of haste
 f - 4 potions of magic
 g - a potion of berserk rage
 i - a potion of invisibility


   Skills:
 + Level 13.6 Fighting
 + Level 14.3 Polearms
 + Level 7.6 Armour
 + Level 7.4 Dodging


You had 7 spell levels left.
You didn't know any spells.
Your spell library was empty.

Dungeon Overview and Level Annotations

Branches:
Dungeon (1/1)

Altars:
Cheibriados
Dithmenos
Elyvilon
Fedhas
Gozag
Hepliaklqana
Kikubaaqudgha
Makhleb
Nemelex Xobeh
Okawaru
Qazlal
Ru
Sif Muna
Trog
Uskayaw
Vehumet
Wu Jian
Xom
Yredelemnul
Zin
The Shining One
Jiyva
Lugonu


Innate Abilities, Weirdness & Mutations

You have a pair of horns on your head.
You reflexively headbutt those who attack you in melee.


Message History

You barely miss something. You headbutt something!
You hear some strange, mumbled words.
Something tries to affect you, but you resist.
Something hits you! Something bites you!
Something draws strength from your injuries!
You closely miss something. Your headbutt misses something.
Something hits you but does no damage. Something bites you.
Something draws strength from your injuries!
You completely miss something. Something hits you! Something bites you.
Something draws strength from your injuries!
You miss something. Something hits you. Something bites you.
Something draws strength from your injuries!
You closely miss something. Something hits you but does no damage.
Something bites you.
Something draws strength from your injuries!
You hit something but do no damage. Your headbutt misses something.
Something hits you but does no damage. Something bites you but does no damage.
Something hits you! Something bites you.
Something draws strength from your injuries!
You hit something but do no damage. Something hits you but does no damage.
Something bites you but does no damage.
You miss something. You headbutt something.
Something hits you but does no damage. Something barely misses you.
You impale something!! Something hits you but does no damage.
Something bites you!
* * * LOW HITPOINT WARNING * * *
Something draws strength from your injuries!
You barely miss something. Your headbutt misses something. Something hits you!
* * * LOW HITPOINT WARNING * * *
Something bites you but does no damage.
You puncture something! Trog accepts your kill.
Trog appreciates your killing of a magic user.
Reactivating autopickup.
You feel a bit more experienced.
You slash the tengu warrior!
The tengu warrior is poisoned.
The tengu warrior is lightly wounded.
You feel the effects of Trog's Hand fading.
The tengu warrior hits you with a +0 battleaxe!!
You die... ▓▓▓▓▓▓▓▓▓▓▓▓▓▓▓▓▓▓▓▓▓▓ +.cDQ@['....))†......) ▓▓▓▓▓▓▓▓▓▓▓▓▓▓▓▓▓▓▓▓▓▓

You could see a four-headed hydra, a tengu warrior (very poisoned) and a centaur.

Vanquished Creatures
  A tengu conjurer (D)
  2 trolls (D)
  A vampire (D)
  A vampire mosquito (D)
  2 centaurs (D)
  A phantom (D)
  A howler monkey (D)
  A gnoll bouda (D)
  An orc wizard (D)
  An adder (D)
  A dart slug (D)
  An orc (D)
  A ball python (D)
  An endoplasm (D)
  A goblin (D)
  A quokka (D)
  A frilled lizard (D)
19 creatures vanquished.

Notes
Turn   | Place    | Note
-------+----------+-------------------------------------------
     0 | D        | boopmooplesden the Minotaur Berserker began the quest for
                  | the Orb.
     0 | D        | Reached XP level 1. HP: 19/19 MP: 0/0
     6 | D        | Reached skill level 4 in Polearms
     8 | D        | Reached ** piety under Trog
    28 | D        | Banished a spatial maelstrom
    76 | D        | Noticed a phantom
    76 | D        | Noticed a centaur
    82 | D        | Killed a centaur
    83 | D        | Reached skill level 7 in Polearms
    83 | D        | Reached XP level 2. HP: 18/34 MP: 1/1
    83 | D        | Reached XP level 3. HP: 20/39 MP: 2/2
    83 | D        | Reached XP level 4. HP: 24/47 MP: 3/3
    83 | D        | Reached *** piety under Trog
    95 | D        | Killed a phantom
    96 | D        | Reached skill level 9 in Polearms
    96 | D        | Reached XP level 5. HP: 24/56 MP: 4/4
   309 | D        | Found a snail-covered altar of Cheibriados.
   309 | D        | Found a shadowy altar of Dithmenos.
   309 | D        | Found a white marble altar of Elyvilon.
   309 | D        | Found a blossoming altar of Fedhas.
   309 | D        | Found an opulent altar of Gozag.
   310 | D        | Found a hazy altar of Hepliaklqana.
   311 | D        | Found a viscous altar of Jiyva.
   312 | D        | Found an ancient bone altar of Kikubaaqudgha.
   313 | D        | Found a corrupted altar of Lugonu.
   314 | D        | Found a burning altar of Makhleb.
   315 | D        | Found a sparkling altar of Nemelex Xobeh.
   316 | D        | Found an iron altar of Okawaru.
   317 | D        | Found a stormy altar of Qazlal.
   318 | D        | Found a sacrificial altar of Ru.
   319 | D        | Found a shimmering blue altar of Sif Muna.
   320 | D        | Found a bloodstained altar of Trog.
   321 | D        | Found a hide-covered altar of Uskayaw.
   322 | D        | Found a radiant altar of Vehumet.
   323 | D        | Found an ornate altar of the Wu Jian Council.
   324 | D        | Found a shimmering altar of Xom.
   325 | D        | Found a basalt altar of Yredelemnul.
   326 | D        | Found a glowing silver altar of Zin.
   327 | D        | Found a glowing golden altar of the Shining One.
   379 | D        | Noticed a troll
   379 | D        | Noticed a centaur
   379 | D        | Noticed a vampire mosquito
   383 | D        | Reached skill level 5 in Armour
   385 | D        | Reached **** piety under Trog
   386 | D        | Reached skill level 5 in Dodging
   389 | D        | Killed a vampire mosquito
   390 | D        | Reached skill level 10 in Fighting
   390 | D        | Reached skill level 11 in Polearms
   390 | D        | Reached XP level 6. HP: 67/67 MP: 5/5
   401 | D        | Killed a troll
   402 | D        | Reached skill level 12 in Polearms
   402 | D        | Reached XP level 7. HP: 77/77 MP: 6/6
   529 | D        | Noticed a four-headed hydra
   529 | D        | Noticed a tengu warrior
   529 | D        | Noticed a vampire
   529 | D        | Noticed a troll
   529 | D        | Noticed a tengu conjurer
   531 | D        | Killed a tengu conjurer
   531 | D        | Reached ***** piety under Trog
   532 | D        | Reached skill level 13 in Polearms
   536 | D        | Killed a troll
   537 | D        | Reached skill level 14 in Polearms
   537 | D        | Reached XP level 8. HP: 86/86 MP: 7/7
   550 | D        | Slain by a tengu warrior

Illustrated notes

Levels and vault maps discovered:
D:        linesprint [early_d, line_temple, items_1, d_10, items_2, lair_1,
          lair_end, items_3, orc_1, orc_end, items_4, d_15, swamp_1, shoals_1,
          snake_1, spider_1, d_20, vaults_1, items_5, swamp_end, shoals_end,
          snake_end, spider_end, vaults_end, d_27, items_6, zot_1, zot_end,
          crypt_end, forest_end, elf_end, slime_end, tomb_end, abyss_end,
          pan_hell_end]

Skill      XL: |  1  2  3  4  5  6  7 |
---------------+----------------------+-----
Fighting       | 7 8 10 12 13 | 13.6
Polearms       | 7 9 11 12 14 | 14.3
Armour         | 4 5 6 7 |  7.6
Dodging        | 3 4 5 6 7 |  7.4

Action                   |  1- 3 |  4- 6 |  7- 9 || total
-------------------------+-------+-------+-------++-------
Melee: Spear             |    17 |    10 |       ||    27
       Headbutt          |     4 |     4 |     3 ||    11
       Halberd           |       |    19 |    18 ||    37
Invok: Berserk           |     1 |     1 |     1 ||     3
       Trog's Hand       |       |     1 |     1 ||     2
Armor: Animal skin       |     1 |       |       ||     1
       Chain mail        |       |     6 |    13 ||    19
Dodge: Dodged            |    11 |    14 |     8 ||    33
